 Dungeon Crawl Stone Soup version 0.23.2-1-ga50397a6bc (webtiles) character file.

Game seed: 15328583953650671828

88 Mrkan the Shield-Bearer (level 4, -15/37 HPs)
             Began as a Formicid Fighter on May 19, 2019.
             Demolished by Crazy Yiuf
             ... wielding a +2 quarterstaff of chaos
              (17 damage)
             ... on level 2 of the Dungeon.
             The game lasted 00:03:42 (1982 turns).

Mrkan the Shield-Bearer (Formicid Fighter)          Turns: 1982, Time: 00:03:42

Health: -15/37     AC:  7    Str: 21    XL:     4   Next: 82%
Magic:  4/4        EV:  8    Int:  8    God:
Gold:   171        SH:  9    Dex: 10    Spells: 3/3 levels left

rFire    . . .     SeeInvis +   a - +0 flail
rCold    . . .     Gourm    .   c - +0 shield
rNeg     . . .     Faith    .   b - +0 scale mail
rPois    .         Spirit   .   (helmet unavailable)
rElec    .         Reflect  .   (no cloak)
rCorr    .         Harm     .   (no gloves)
MR       .....                  (no boots)
Stlth    ..........             (no amulet)
HPRegen  0.12/turn              (no ring)
MPRegen  0.09/turn              (no ring)

@: no status effects
A: permanent stasis, dig shafts and tunnels, four strong arms, antennae 3
a: Dig, Shaft Self


You were on level 2 of the Dungeon.
You were hungry.

You visited 1 branch of the dungeon, and saw 3 of its levels.

You collected 171 gold pieces.

Inventory:

Hand Weapons
 a - a +0 flail (weapon)
Armour
 b - a +0 scale mail (worn)
 c - a +0 shield (worn)
Jewellery
 l - a cursed amulet of inaccuracy {unknown}
Wands
 s - a wand of paralysis (9)
Scrolls
 e - 2 scrolls of identify {unknown}
 j - 2 scrolls of enchant weapon {unknown}
 k - a scroll of fear {unknown}
 m - a scroll of amnesia {unknown}
 n - a scroll of fog {unknown}
 p - a scroll of enchant armour {unknown}
 r - a scroll of immolation {unknown}
 u - a scroll of blinking {unknown}
 v - a scroll of noise {unknown}
Potions
 d - a potion of might
 g - a potion of agility {unknown}
 h - a potion of brilliance {unknown}
 i - a potion of lignification {unknown}
 o - a potion of ambrosia {unknown}
 q - a potion of heal wounds {unknown}
 t - a potion of curing {unknown}
Comestibles
 f - 4 rations


   Skills:
 + Level 3.8 Fighting
 * Level 3.2 Maces & Flails
 + Level 3.9 Armour
 + Level 4.2 Shields


You had 3 spell levels left.
You didn't know any spells.
Your spell library was empty.

Dungeon Overview and Level Annotations

Branches:
Dungeon (3/15)

Altars:
Ashenzari
Xom

Annotations:
D:2 Crazy Yiuf
D:3 1 runed translucent door


Innate Abilities, Weirdness & Mutations

You cannot be hasted, slowed, berserked, paralysed or teleported.
You can dig through walls and to a lower floor.
Your four strong arms can wield two-handed weapons with a shield.
You have a pair of large antennae on your head. (SInv)


Message History

You are no longer poisoned.
Crazy Yiuf screams, "Cod!
Nubble dark arm."
Crazy Yiuf cries, "Mountain sow tea!"
There is a stone staircase leading up here.
Crazy Yiuf hits you with a +2 quarterstaff of chaos.
* * * LOW HITPOINT WARNING * * *
Crazy Yiuf freezes you.
* * * LOW HITPOINT WARNING * * *
You climb upwards.
There is a stone staircase leading down, spattered with blood here.
Things that are here:
a +0 hand axe; an orc skeleton Crazy Yiuf hits you but does no damage.
Crazy Yiuf laughs, "Aardvark green shoe!"
Crazy Yiuf yells, "Paint infinity bush!"
Crazy Yiuf cries, "Leather sallow King!"
Crazy Yiuf hits you with a +2 quarterstaff of chaos.
* * * LOW HITPOINT WARNING * * *
You are electrocuted!
You die...

...............#...######.#####
..........)....##.## ##.####
...............##.# #.....#
...............#..# #.....#
.....##...##..##..# #.....#
.....#....##..##..######.....#
.......#..........#..........#
......##<..###..#...####.....#
................@g.## #.....#
..#.#..##.#######.## #.....#
##.........### #.# #.....#
##.##.##.#...# #.# #.....#
......##..##.####.# #######
....#####.......#.#
>.#######.......#.#
..........#.....#.#####
..#############.......#


You could see Crazy Yiuf.

Vanquished Creatures
  3 adders
  A worm (D:2)
  3 dart slugs
  2 leopard geckos (D:2)
  3 orcs (D:2)
  4 giant cockroaches
  6 goblins
  2 hobgoblins
  4 jackals (D:3)
  A quokka (D:2)
  5 bats
  5 frilled lizards
  5 kobolds
  3 rats (D:2)
47 creatures vanquished.

Notes
Turn   | Place    | Note
-------+----------+-------------------------------------------
     0 | D:1      | Mrkan the Formicid Fighter began the quest for the Orb.
     0 | D:1      | Reached XP level 1. HP: 18/18 MP: 1/1
   182 | D:1      | Reached XP level 2. HP: 24/24 MP: 2/2
   943 | D:2      | Reached XP level 3. HP: 18/29 MP: 3/3
   960 | D:2      | Reached skill level 4 in Shields
  1256 | D:2      | Reached XP level 4. HP: 37/37 MP: 4/4
  1367 | D:2      | Found a deep blue altar of Sif Muna.
  1369 | D:2      | Found a hide-covered altar of Uskayaw.
  1369 | D:2      | Found a shimmering altar of Xom.
  1371 | D:2      | Found a shimmering altar of Xom.
  1371 | D:2      | Found a stormy altar of Qazlal.
  1371 | D:2      | Found a deep blue altar of Sif Muna.
  1666 | D:3      | Found a shattered altar of Ashenzari.
  1793 | D:3      | Found a runed translucent door.
  1923 | D:3      | Found a runed translucent door.
  1924 | D:3      | Noticed Crazy Yiuf
  1961 | D:3      | HP: 1/37 [Crazy Yiuf/+2 quarterstaff of chaos (1)]
  1982 | D:2      | Demolished by Crazy Yiuf

Skill      XL: |  1  2  3  4 |
---------------+-------------+-----
Shields        | 4 |  4.2
Maces & Flails | 3 |  3.2
Fighting       | |  3.8
Armour         | |  3.9

Action                   |  1- 3 |  4- 6 || total
-------------------------+-------+-------++-------
Melee: Flail             |   103 |    89 ||   192
  Eat: Chunk             |     1 |     2 ||     3
Armor: Scale mail        |    64 |    47 ||   111
Dodge: Dodged            |    42 |    43 ||    85
Block: Shield            |    69 |    73 ||   142
